 Dungeon Crawl Stone Soup version 0.31-a0-1603-gbec6b6ccbf (webtiles) character file.

Game seed: 16595455870804078805

259 jasper the Ducker (level 5, -1/28 HPs)
             Began as a Spriggan Berserker on Jan 7, 2024.
             Was a Believer of Trog.
             Incinerated by a bombardier beetle (8 damage)
             ... with a burning spray
             ... on level 4 of the Dungeon.
             The game lasted 00:04:06 (3185 turns).

jasper the Ducker (Spriggan Berserker)              Turns: 3185, Time: 00:04:07

Health: -1/28      AC:  7    Str: 15    XL:     5   Next: 94%
Magic:  6/6        EV: 19    Int:  9    God:    Trog [**....]
Gold:   280        SH:  0    Dex: 14    Spells: 4/4 levels left

rFire   . .          .
                       - Unarmed
rCold   . . .        (no shield)
rNeg    . . .        a - +1 animal skin
rPois   .            (helmet currently unavailable)
rElec   .            k - melded scarf {repulsion}
rCorr   .            (gloves unavailable)
SInv    +            (boots unavailable)
Will    .....        g - amulet of magic regeneration
Stlth   +            i - +4 ring of protection
HPRegen 0.24/turn    (no ring)
MPRegen 0.50/turn

%: no passive effects
@: on fire, beast-form, on berserk cooldown, slowed, glowing, quick
A: beast (slay +1), very small, no large weapons, unfitting armour, see
invisible, speed 3
a: Begin Untransformation, Renounce Religion, Berserk, Trog's Hand


You were on level 4 of the Dungeon.
You worshipped Trog.
Trog was pleased with you.
You were a hulking beast.
You visited 1 branch of the dungeon, and saw 4 of its levels.

You collected 280 gold pieces.

Inventory:

Missiles
 b - 3 boomerangs (quivered)
 d - 35 stones
 l - a throwing net
Armour
 a - a +1 animal skin (worn)
 k - a scarf of repulsion (melded)
Jewellery
 g - an amulet of magic regeneration (around neck)
 i - a +4 ring of protection (left hand)
Talismans
 m - a beast talisman (active)
Scrolls
 n - a scroll of enchant armour
Potions
 c - 2 potions of haste
 e - a potion of might
 f - a potion of curing
 h - 2 potions of heal wounds {unknown}
 j - a potion of magic {unknown}


   Skills:
 - Level 3.3 Fighting
 - Level 5.3 Dodging
 - Level 4.0 Unarmed Combat
 + Level 2.4 Shapeshifting


You had 4 spell levels left.
You didn't know any spells.
Your spell library was empty.

Dungeon Overview and Level Annotations

Branches:
Dungeon (4/15)
 Temple: D:4-7

Altars:
The Shining One

Shops:
D:3 (


Innate Abilities, Weirdness & Mutations

You are a hulking beast.
Your limbs bulge with bestial killing power. (Slay +1)
You are very small and have problems with some larger weapons.
You are too small for most types of armour.
You have supernaturally acute eyesight. (SInv)
You cover ground extremely quickly. (Speed+++)


Message History

Things that are here:
a +0 scythe; a +0 robe; an orc corpse You are no longer berserk.
You are exhausted.
You feel yourself slow down.
Items here: ) [ ††.
You now have 22/28 hp.
Things that are here:
a +0 scythe; a +0 robe A bombardier beetle comes into view.
You see here 7 gold pieces.
You barely miss the bombardier beetle.
The bombardier beetle closely misses you.
You hit the bombardier beetle.
The bombardier beetle is lightly wounded.
The bombardier beetle barely misses you.
You hit the bombardier beetle.
The bombardier beetle is lightly wounded.
The bombardier beetle sprays incendiary fluid at you.
The burning spray hits you.
You are covered in liquid fire!
You hit the bombardier beetle but do no damage.
The bombardier beetle is lightly wounded.
The liquid fire burns you!
The bombardier beetle completely misses you.
You take 8 damage, and have 16/28 hp.
MASSIVE DAMAGE!!
You hit the bombardier beetle.
The bombardier beetle is moderately wounded.
The liquid fire burns you!
You take 6 damage, and have 10/28 hp.
MASSIVE DAMAGE!!
You hit the bombardier beetle.
The bombardier beetle is heavily wounded.
The liquid fire burns you!
* * * LOW HITPOINT WARNING * * *
The bombardier beetle closely misses you.
You take 3 damage, and have 7/28 hp.
You barely miss the bombardier beetle.
The bombardier beetle is heavily wounded.
The liquid fire burns you!
You die...

...o ... #.. ...oo #.#
#.. ... #.# #.# #. # ..o
#.# #.# ... .. #.##.#
#.# ...# ..#
#.#.######.##..# #..#
##.))))..$.....#
#...###.########.##.##
#.##.#..........h#
#..##..#########B.......
#.#.#..# ####.####
#.##...# .. .......# ##
#......# #..######
........# ...####.#


You could see a bombardier beetle.

Vanquished Creatures
  A scorpion (D:4)
  A hound (D:4)
  A gnoll bouda (D:4)
  4 adders
  3 gnolls (D:4)
  4 dart slugs
  A ribbon worm (D:3)
  5 orcs
  2 bats (D:1)
  6 endoplasms
  3 giant cockroaches
  4 goblins
  3 hobgoblins
  2 jackals (D:1)
  4 kobolds
  3 quokkas
  6 ball pythons
  3 frilled lizards (D:1)
  7 rats
63 creatures vanquished.

Notes
Turn   | Place    | Note
-------+----------+-------------------------------------------
     0 | D:1      | jasper the Spriggan Berserker began the quest for the Orb.
     0 | D:1      | Reached XP level 1. HP: 11/11 MP: 2/2
   110 | D:1      | Found a faded altar of an unknown god.
   130 | D:1      | Reached XP level 2. HP: 7/16 MP: 3/3
   541 | D:1      | Reached XP level 3. HP: 19/19 MP: 4/4
  1882 | D:3      | Found Ufoa's Antique Weapon Shop.
  2165 | D:3      | Reached XP level 4. HP: 23/23 MP: 5/5
  2620 | D:4      | Reached ** piety under Trog
  2720 | D:4      | Reached skill level 5 in Dodging
  2788 | D:4      | Noticed a scorpion
  2858 | D:4      | Killed a scorpion
  2859 | D:4      | Reached XP level 5. HP: 28/28 MP: 6/6
  3084 | D:4      | Found a glowing golden altar of the Shining One.
  3087 | D:4      | Noticed an angel
  3185 | D:4      | Incinerated by a bombardier beetle

Illustrated notes

Levels and vault maps discovered:
D:1:      noname_arrival_rooms_in_the_neighbourhood, layout_rooms,
          hellmonk_ecumenical_altar_arch_garden, minivault_11,
          corexii_corridor_pit, st_stairs_12, minmay_misc_feat_roman,
          nicolae_titane
D:2:      layout_basic
D:3:      layout_loops_cross, serial_shops, shop, st_stairs_9,
          minmay_randomly_rotated_circles
D:4:      layout_loops_ring, grunt_temple_overflow_holy_war, sigmund_army,
          uniq_robin, uniq_menkaure

Skill      XL: |  1  2  3  4  5 |
---------------+----------------+-----
Unarmed Combat | 3 4 |  4.0
Fighting       | 3 |  3.3
Dodging        | 5 |  5.3
Shapeshifting  | 2 |  2.4

Action                     |  1- 3 |  4- 6 || total
---------------------------+-------+-------++-------
  Melee: Unarmed           |   103 |    98 ||   201
         Punch             |     2 |     2 ||     4
  Throw: Boomerang         |    44 |    10 ||    54
 Invoke: Berserk           |     5 |     4 ||     9
    Use: Scroll            |     2 |     6 ||     8
 Armour: Animal skin       |    39 |    20 ||    59
  Dodge: Dodged            |    75 |    66 ||   141
         Repelled          |       |     3 ||     3
   Form: Beast             |       |     1 ||     1

Table legend: (Time is in decaauts)
 A = Elapsed time spent in this place.
 B = Non-inter-level travel time spent in this place.
 C = Inter-level travel time spent in this place.
 D = Time resting spent in this place.
 E = Time spent auto-exploring this place.
 F = Levels seen in this place.
 G = Mean time per level.
                   A        B        C        D        E       F      G
               +--------+--------+--------+--------+--------+-----+--------+
         Total |   2402 |   2381 |     21 |    622 |   1271 |   4 |  600.5 |
       Dungeon |   2402 |   2381 |     21 |    622 |   1271 |   4 |  600.5 |
               +--------+--------+--------+--------+--------+-----+--------+

Top non-repeatable levels by time:
     D:1: 778 daAuts
     D:2: 586 daAuts
     D:3: 553 daAuts
     D:4: 485 daAuts
